 Dungeon Crawl Stone Soup version 0.31-a0-175-g9f7f995f2b (webtiles) character file.

Game seed: 10294736129875235195

3019 mopl the Chopper (level 9, -4/66 (69) HPs)
             Began as a Demonspawn Fighter on June 16, 2023.
             Was a Priest of Makhleb.
             Slain by a two-headed ogre
             ... wielding a +0 giant club
              (21 damage)
             ... on level 9 of the Dungeon.
             The game lasted 00:07:56 (6611 turns).

mopl the Chopper (Demonspawn Fighter)               Turns: 6611, Time: 00:07:57

HP:   -4/66 (69)    AC: 10    Str: 20    XL:     9   Next: 55%
MP:   12/12         EV: 10    Int: 10    God:    Makhleb [***...]
Gold: 14            SH:  0    Dex: 16    Spells: 8/8 levels left

rFire   . . .        a - +3 battleaxe
rCold   . . .        (shield currently unavailable)
rNeg    . . .        w - +0 chain mail of Dramatic Exits {*Corrode +Inv Regen+ Dex+3}
rPois   +            (helmet unavailable)
rElec   .            F - +1 cloak {rPois}
rCorr   .            (no gloves)
SInv    .            (no boots)
Will    .....        u - amulet of regeneration Stlth
                     (no ring)
HPRegen 1.91/turn    (no ring)
MPRegen 0.13/turn

%: corrode self (3%)
@: corroded, lightly drained
A: horns 3, molten scales 1, powered by death 1
a: Renounce Religion, Evoke Invisibility, Minor Destruction, Lesser Servant of
Makhleb


You were on level 9 of the Dungeon.
You worshipped Makhleb.
Makhleb was most pleased with you.
You visited 2 branches of the dungeon, and saw 10 of its levels.
You also visited: Sewer.

You collected 439 gold pieces.
You spent 425 gold pieces at shops.

Inventory:

Hand Weapons
 a - a +3 battleaxe (weapon)
 E - a +0 war axe
Missiles
 x - 3 throwing nets
 z - 16 poisoned darts
 G - 6 javelins
Armour
 n - a +0 cloak
 t - the +2 leather armour of Xesus {rF+ rN++}
   (You found it on level 4 of the Dungeon)

   rF:        It protects you from fire.
   rN:        It greatly protects you from negative energy.
 w - the +0 chain mail of Dramatic Exits (worn) {*Corrode +Inv Regen+ Dex+3}
   (You found it in a sewer)

   Dex:       It affects your dexterity (+3).
   +Inv:      It lets you turn invisible.
   Regen:     It increases your rate of health regeneration.
   *Corrode:  It may corrode you when you take damage.
 F - a +1 cloak of poison resistance (worn)
Jewellery
 u - an amulet of regeneration (around neck)
Wands
 c - a wand of iceblast (7)
 k - a wand of mindburst (16)
 y - a wand of acid (7)
 I - a wand of flame (27)
 K - a wand of polymorph (5)
Scrolls
 b - 2 scrolls of poison
 e - 3 scrolls of noise {unknown}
 f - a scroll of revelation {unknown}
 h - 8 scrolls of identify
 i - 5 scrolls of teleportation
 l - 2 scrolls of fog
 m - a scroll of brand weapon {unknown}
 s - a scroll of enchant armour {unknown}
 v - 3 scrolls of blinking
 B - 2 scrolls of enchant weapon
 C - a scroll of vulnerability {unknown}
 D - 6 scrolls of immolation {unknown}
Potions
 d - 2 potions of might
 g - 2 potions of mutation {unknown}
 j - 3 potions of curing {unknown}
 o - 2 potions of heal wounds {unknown}
 p - 2 potions of attraction {unknown}
 q - 2 potions of brilliance {unknown}
 r - 3 potions of haste {unknown}
 A - a potion of magic {unknown}
 H - a potion of ambrosia {unknown}
 J - 2 potions of degeneration {unknown}
 L - a potion of resistance {unknown}


   Skills:
 + Level 6.1 Fighting
 * Level 7.0 Axes
 + Level 2.9 Throwing
 + Level 5.5 Armour
 + Level 4.5 Dodging
 - Level 2.6 Shields
 + Level 4.6 Invocations
 + Level 3.4 Evocations


You had 8 spell levels left.
You didn't know any spells.
Your spell library contained the following spells:

 Spells                   Type           Power      Damage    Failure   Level
 Gell's Gravitas          Tloc           0%         N/A       100%        3
 Teleport Other           Tloc           0%         N/A       100%        3
 Dispersal                Tloc           0%         N/A       100%        6


Dungeon Overview and Level Annotations

Branches:
Dungeon (9/15)             Temple (1/1) D:4           Sewer (visited)
   Lair: D:8-11         Orc: D:9-12

Altars:
Ashenzari
Cheibriados
Dithmenos
Fedhas
Gozag
Hepliaklqana
Makhleb
Nemelex Xobeh
Okawaru
Qazlal
Ru
Sif Muna
Uskayaw
Vehumet
Wu Jian
Xom
Yredelemnul

Shops:
D:7 ?   D:8 !   D:9 [*


Innate Abilities, Weirdness & Mutations

You have a pair of large horns on your head.
You are partially covered in molten scales. (AC +2)
You regenerate a little health from kills.


Message History

Found Nidek's General Store.
There is an open door here.
There is an entrance to Nidek's General Store here.
v - 3 scrolls of blinking (gained 1) Thank you for shopping at Nidek's General Store!
You can access your shopping list by pressing '$'.
You open the door.
There is an open door here.
Found a stone staircase leading down.
Found a chain mail.
A two-headed ogre comes into view.
It is wielding a +0 giant club and a +0 giant spiked club.
The two-headed ogre shouts in stereo!
A two-headed ogre is nearby!
You see here a +0 chain mail.
You slash the two-headed ogre!
Your headbutt misses the two-headed ogre.
The two-headed ogre is lightly wounded.
The two-headed ogre misses you.
The two-headed ogre hits you with a +0 giant spiked club!!
You slash the two-headed ogre! You headbutt the two-headed ogre.
The two-headed ogre is heavily wounded.
The two-headed ogre hits you with a +0 giant club!
Your corrosive artefact corrodes you!
The two-headed ogre hits you with a +0 giant spiked club!
You are too injured to fight recklessly!
You are too injured to fight recklessly!
You hit the two-headed ogre.
Your headbutt misses the two-headed ogre.
The two-headed ogre is heavily wounded.
The two-headed ogre hits you with a +0 giant club!
* * * LOW HITPOINT WARNING * * *
The two-headed ogre misses you.
You barely miss the two-headed ogre. You headbutt the two-headed ogre!
The two-headed ogre is heavily wounded.
The two-headed ogre hits you but does no damage.
The two-headed ogre hits you with a +0 giant spiked club.
* * * LOW HITPOINT WARNING * * *
The two-headed ogre attacks as you move away!
The two-headed ogre hits you with a +0 giant club!!
You die...

## #. ##.#######
#>.......####
.###............
............#
#....O...#
####@##### #..#
##.# #.# ##.###
#.# .# .....#
#####'### #.#
.....# #.......#
#####'## .....#
#..∩....#
#......# .....#
#.......#
#......#


You could see a two-headed ogre.

Vanquished Creatures
  Sigmund (D:4)
  2 steam dragons
  A sky beast (D:7)
  4 orc warriors
  An ogre (D:5)
  A phantom (D:3)
  2 bullfrogs
  A gnoll sergeant (D:9)
  5 scorpions
  3 wights (D:7)
  A howler monkey (D:4)
  2 orc priests (D:8)
  A gnoll bouda (D:7)
  6 hounds
  3 sleepcaps
  9 orc wizards
  Natasha (thrice) (D:2)
  9 iguanas
  A statue (D:3)
  14 gnolls
  7 adders
  3 shadow imps
  2 white imps (D:7)
  A worm (D:2)
  3 dart slugs
  21 orcs
  15 ball pythons
  17 endoplasms
  7 giant cockroaches
  7 hobgoblins
  7 jackals
  5 kobolds
  7 quokkas
  6 bats
  15 frilled lizards
  7 goblins
  5 rats
205 creatures vanquished.

Notes
Turn   | Place    | Note
-------+----------+-------------------------------------------
     0 | D:1      | mopl the Demonspawn Fighter began the quest for the Orb.
     0 | D:1      | Reached XP level 1. HP: 18/18 MP: 1/1
    83 | D:1      | Reached skill level 2 in Axes
   173 | D:1      | Gained mutation: You are partially covered in molten
                  | scales. (AC +2) [demonic ancestry]
   173 | D:1      | Reached XP level 2. HP: 24/24 MP: 2/2
   910 | D:2      | Reached XP level 3. HP: 26/29 MP: 3/3
   915 | D:2      | Reached skill level 3 in Armour
   989 | D:2      | Reached skill level 1 in Dodging
  1089 | D:2      | Noticed Natasha
  1096 | D:2      | Killed Natasha
  1260 | D:2      | Noticed Natasha
  1267 | D:2      | Killed Natasha
  1268 | D:2      | Reached skill level 3 in Axes
  1268 | D:2      | Gained mutation: You have a pair of small horns on your
                  | head. [demonic ancestry]
  1268 | D:2      | Reached XP level 4. HP: 11/35 MP: 4/4
  1602 | D:2      | Noticed Natasha
  1608 | D:2      | Killed Natasha
  1609 | D:2      | Gained mutation: You have a pair of horns on your head.
                  | [demonic ancestry]
  1609 | D:2      | Reached XP level 5. HP: 41/41 MP: 5/5
  1790 | D:3      | Noticed a phantom
  1808 | D:3      | Killed a phantom
  1809 | D:3      | Reached skill level 2 in Dodging
  1941 | D:3      | Noticed a great orb of eyes
  1943 | D:3      | Found a faded altar of an unknown god.
  1945 | D:3      | Noticed an eye of devastation
  1945 | D:3      | Noticed a golden eye
  1945 | D:3      | Noticed a great orb of eyes
  1960 | D:3      | Reached skill level 4 in Fighting
  2099 | D:3      | Found a stormy altar of Qazlal.
  2133 | D:3      | Found a shadowy altar of Dithmenos.
  2231 | D:3      | Found a radiant altar of Vehumet.
  2231 | D:3      | Noticed a charred statue
  2238 | D:3      | Killed a charred statue
  2239 | D:3      | Reached XP level 6. HP: 46/48 MP: 6/6
  2348 | D:4      | Reached skill level 4 in Axes
  2371 | D:4      | Noticed Sigmund
  2405 | D:4      | Killed Sigmund
  2406 | D:4      | Reached skill level 4 in Armour
  2461 | D:4      | Gained mutation: You regenerate a little health from kills.
                  | [demonic ancestry]
  2461 | D:4      | Reached XP level 7. HP: 23/55 MP: 7/7
  2526 | D:4      | Identified the +2 leather armour of Xesus {rF+ rN++}
  2578 | D:4      | Reached skill level 3 in Dodging
  2599 | D:4      | Found a staircase to the Ecumenical Temple.
  2608 | Temple   | Entered the Ecumenical Temple
  2645 | Temple   | Became a worshipper of Makhleb the Destroyer
  2718 | D:4      | Reached skill level 5 in Axes
  2854 | D:4      | Found a glowing drain.
  2869 | Sewer    | Entered a sewer
  2959 | Sewer    | Reached * piety under Makhleb
  3097 | Sewer    | Reached skill level 1 in Invocations
  3112 | Sewer    | Identified the +0 chain mail of Dramatic Exits {*Corrode
                  | +Inv Regen+ Dex+3}
  3382 | D:4      | Reached skill level 1 in Evocations
  3706 | D:5      | Entered Level 5 of the Dungeon
  3757 | D:5      | Found a sparkling altar of Nemelex Xobeh.
  3854 | D:5      | Reached skill level 5 in Fighting
  3854 | D:5      | Reached skill level 2 in Invocations
  3854 | D:5      | Gained mutation: You have a pair of large horns on your
                  | head. [demonic ancestry]
  3854 | D:5      | Reached XP level 8. HP: 62/62 MP: 9/9
  3919 | D:5      | Reached ** piety under Makhleb
  4089 | D:5      | Reached skill level 1 in Throwing
  4106 | D:5      | Found a hide-covered altar of Uskayaw.
  4394 | D:6      | Reached skill level 2 in Evocations
  4607 | D:6      | Reached skill level 3 in Invocations
  4609 | D:6      | Reached skill level 6 in Axes
  4716 | D:6      | Reached skill level 5 in Armour
  4953 | D:6      | Reached skill level 4 in Dodging
  4979 | D:6      | Found a snail-covered altar of Cheibriados.
  5066 | D:7      | Reached skill level 2 in Throwing
  5150 | D:7      | Reached XP level 9. HP: 60/68 MP: 11/11
  5471 | D:7      | Reached skill level 4 in Invocations
  5471 | D:7      | Reached skill level 3 in Evocations
  5541 | D:7      | Found Tapruah's Magic Scroll Shop.
  5551 | D:7      | Bought a scroll of enchant weapon for 105 gold pieces
  5551 | D:7      | Bought a scroll of identify for 28 gold pieces
  5551 | D:7      | Bought a scroll of fog for 56 gold pieces
  5551 | D:7      | Bought a scroll of teleportation for 42 gold pieces
  5551 | D:7      | Bought a scroll of poison for 56 gold pieces
  5551 | D:7      | Bought a scroll of identify for 28 gold pieces
  5551 | D:7      | Bought a scroll of identify for 28 gold pieces
  5764 | D:8      | Found Weedion's Distillery.
  5818 | D:8      | Reached *** piety under Makhleb
  5860 | D:8      | Reached skill level 6 in Fighting
  6363 | D:9      | Found Afezomus's Antique Armour Emporium.
  6424 | D:9      | Reached skill level 7 in Axes
  6587 | D:9      | Found Nidek's General Store.
  6595 | D:9      | Bought a scroll of blinking for 82 gold pieces
  6604 | D:9      | Noticed a two-headed ogre
  6611 | D:9      | Slain by a two-headed ogre

Illustrated notes

Levels and vault maps discovered:
D:1:      lemuel_arrival_broad_hall, layout_basic, roderic_serpentine_path
D:2:      layout_basic, corexii_hall_statues_t, kennysheep_small_spiral,
          uniq_natasha
D:3:      layout_rooms, vehumet_statue, nicolae_dithmenos_shadow_blocks,
          grunt_qazlal_clouds, hellmonk_ecumenical_altar_watching_god,
          grunt_decor_cap
D:4:      layout_loops_corners, minmay_temple_entry_slanted,
          portal_sewer_entry_b, uniq_sigmund
D:5:      layout_gridville, mainiacjoe_overflow_surrounded_room,
          mainiacjoe_overflow_concentric_impassable
D:6:      layout_basic, general_overflow_altar
D:7:      layout_basic, serial_shops, shop, hangedman_abyss_or_decor_stagger
D:8:      layout_loops_ring, serial_shops, nicolae_shop_behind_doors
D:9:      layout_roguey, serial_shops, nicolae_shop_peninsula,
          nicolae_shop_just_a_little_nook, shop, nicolae_shop_mannequins
Temple:   kb_temple_of_zot

Skill      XL: |  1  2  3  4  5  6  7  8  9 |
---------------+----------------------------+-----
Axes           | 2 3 4 5 6 7 |  7.0
Armour         | 3 4 5 |  5.5
Dodging        | 1 2 3 4 |  4.5
Fighting       | 4 5 6 |  6.1
Invocations    | 2 3 4 |  4.6
Evocations     | 1 2 3 |  3.4
Throwing       | 2 |  2.9
Shields        | |  2.6

Action                     |  1- 3 |  4- 6 |  7- 9 || total
---------------------------+-------+-------+-------++-------
  Melee: War axe           |    81 |   105 |   332 ||   518
         Headbutt          |       |    15 |    80 ||    95
         Battleaxe         |       |       |    82 ||    82
 Armour: Scale mail        |    41 |    28 |       ||    69
         Chain mail        |       |    27 |   253 ||   280
  Dodge: Dodged            |    34 |    39 |   168 ||   241
  Block: Buckler           |    17 |    15 |       ||    32
         Kite shield       |       |    10 |   147 ||   157

Table legend: (Time is in decaauts)
 A = Elapsed time spent in this place.
 B = Non-inter-level travel time spent in this place.
 C = Inter-level travel time spent in this place.
 D = Time resting spent in this place.
 E = Time spent auto-exploring this place.
 F = Levels seen in this place.
 G = Mean time per level.
                   A        B        C        D        E       F      G
               +--------+--------+--------+--------+--------+-----+--------+
         Total |   6917 |   6605 |    312 |    218 |   4614 |  11 |  628.8 |
       Dungeon |   6469 |   6189 |    280 |    218 |   4495 |   9 |  718.8 |
        Temple |     72 |     40 |     32 |      0 |      0 |   1 |   72.0 |
         Sewer |    374 |    374 |      0 |      0 |    119 |   1 |  374.0 |
               +--------+--------+--------+--------+--------+-----+--------+

Top non-repeatable levels by time:
     D:4: 1051 daAuts
     D:1: 920 daAuts
     D:2: 910 daAuts
     D:7: 707 daAuts
     D:5: 703 daAuts
     D:8: 676 daAuts
     D:6: 634 daAuts
     D:3: 596 daAuts
   Sewer: 374 daAuts
     D:9: 267 daAuts
  Temple: 72 daAuts
